AoeStats
← Iguano Pop

Arabia

509033912Analyzed
1v1 RM · 7d ago on Sep 25, 2026· 42m 11s· 2 players
Game mode
Random Map
Map size
Tiny (2 player)
Population
200
Speed
Normal
Resources
Standard
Victory
Conquest
Starting age
Dark Age
Ending age
Imperial Age
RankedLock teamsTeams togetherTeam positionsShared explorationLock speedFull tech treeHidden civsTurbo modeCheats
Victory
Defeat
🇧🇴 Gurjaras · Bolivia
1404
+14
🇲🇽 Vikings · Mexico
1355
-14
Iguano Pop
6:54 Loom
9:44 Feudal Age
13:58 Man-at-Arms
15:47 Double-Bit Axe
16:02 Town Watch
17:39 Fletching
21:34 Castle Age
21:12 Padded Archer Armor
21:27 Gold Mining
21:52 Scale Mail Armor
22:02 Crossbowman
22:38 Bodkin Arrow
22:17 Long Swordsman
25:33 Forging
25:41 Chain Mail Armor
26:41 Leather Archer Armor
26:48 Pikeman
34:39 Ballistics
MarcOBy
6:52 Loom
9:16 Feudal Age
10:05 Town Watch
10:39 Double-Bit Axe
14:21 Padded Archer Armor
18:49 Scale Barding Armor
18:56 Forging
18:58 Gold Mining
22:49 Castle Age
23:00 Bloodlines
23:45 Wheelbarrow
23:54 Chain Barding Armor
39:23 Imperial Age
41:25 Plate Barding Armor
41:44 Iron Casting
Connection lost

Rejoining the realm…

Still unreachable

The connection could not be restored.

Session expired

The server has moved on; the page needs a fresh start.